 Dungeon Crawl Stone Soup version 0.30-a0-924-g0ad0bf95bc (webtiles) character file.

Game seed: 17906186725489542965

149440 Lobster4 the Unseen (level 16, 0/77 HPs)
             Began as a Spriggan Hunter on Mar 22, 2023.
             Was the Champion of Hepliaklqana.
             Slain by an earth elemental (22 damage)
             ... summoned by a deep elf elementalist
             ... on level 3 of the Elven Halls.
             The game lasted 01:47:32 (33167 turns).

Lobster4 the Unseen (Spriggan Hunter)              Turns: 33167, Time: 01:47:33

Health: 0/77       AC: 14    Str:  7    XL:     16   Next: 96%
Magic:  31/31      EV: 34    Int: 11    God:    Hepliaklqana [******]
Gold:   1642       SH:  5    Dex: 26    Spells: 31/35 levels left

rFire   . . .      SeeInvis +    a - +5 shortbow (flame)
rCold   . . .      Faith    .    (shield currently unavailable)
rNeg    . . .      Spirit   .    j - +0 acid dragon scales
rPois   .          Reflect  +    X - +0 hat of the Komodo Dragon {SInv}
rElec   .          Rampage  .    B - +2 cloak
rCorr   +                        (gloves unavailable)
Will    +++..                    (boots unavailable)
Stlth   +++++++                  S - amulet of reflection
HPRegen 0.32/turn                y - +4 ring of protection
MPRegen 0.22/turn                t - ring of willpower

@: studying 3 skills, very quick
A: reduced essence, very small, no large weapons, unfitting armour, see
invisible, speed 3
a: Renounce Religion, Recall Ancestor, Ancestor Identity, Transference, Idealise


You were on level 3 of the Elven Halls.
You worshipped Hepliaklqana.
Hepliaklqana was exalted by your worship.
You visited 5 branches of the dungeon, and saw 26 of its levels.
You also visited: Sewer and Bailey.

You collected 3284 gold pieces.
You spent 1642 gold pieces at shops.

Inventory:

Hand Weapons
 a - a +5 shortbow of flaming (weapon)
 d - a +3 sling
 o - a +2 dagger of venom
 G - a +6 dagger
Missiles
 r - 33 poisoned darts
 T - a throwing net
 U - 2 curare-tipped darts
Armour
 c - a +1 troll leather armour {Snorg}
 i - a +1 hat
 j - +0 acid dragon scales (worn)
 B - a +2 cloak (worn)
 X - the +0 hat of the Komodo Dragon (worn) {SInv}
   (You acquired it on level 3 of the Lair of Beasts)

   SInv:      It lets you see invisible.
Jewellery
 b - a +4 ring of protection
 f - a ring of resist corrosion
 l - an amulet of the acrobat
 p - a ring of protection from cold
 t - a ring of willpower (right hand)
 y - a +4 ring of protection (left hand)
 S - an amulet of reflection (around neck)
Wands
 m - a wand of roots (13)
 q - a wand of polymorph (16)
 s - a wand of flame (47)
 H - a wand of mindburst (17)
 I - a wand of paralysis (13)
 J - a wand of acid (11)
Scrolls
 g - 2 scrolls of immolation
 w - a scroll of silence
 x - 2 scrolls of amnesia
 E - 2 scrolls of poison
 N - 2 scrolls of fog
 O - 8 scrolls of teleportation
 Q - 3 scrolls of enchant armour
 R - 5 scrolls of summoning
 W - 2 scrolls of brand weapon
Potions
 e - 2 potions of resistance
 h - 7 potions of flight
 k - 4 potions of brilliance
 n - 2 potions of haste
 u - 6 potions of heal wounds
 v - 4 potions of berserk rage
 A - 7 potions of lignification
 C - 8 potions of might
 D - 2 potions of curing
 F - 7 potions of mutation
 L - 4 potions of cancellation
 M - 3 potions of magic
 P - 3 potions of invisibility
 V - a potion of ambrosia


   Skills:
 + Level 10.8 Fighting
 - Level 2.0 Short Blades
 + Level 13.2 Ranged Weapons
 - Level 3.3 Throwing
 - Level 6.0 Armour
 + Level 18.1 Dodging
 + Level 18.9 Stealth
 - Level 10.0 Spellcasting
 - Level 10.0 Hexes
 - Level 10.0 Translocations
 - Level 10.0 Invocations
 - Level 5.0 Evocations


You had 31 spell levels left.
You knew the following spells:

 Your Spells              Type           Power      Damage    Failure   Level
a - Portal Projectile     Hex/Tloc       54%        N/A       1%          3
b - Apportation           Tloc           54%        N/A       1%          1

Your spell library contained the following spells:

 Spells                   Type           Power      Damage    Failure   Level
 Ensorcelled Hibernation  Hex/Ice        32%        N/A       4%          2
 Vhi's Electric Charge    Tloc/Air       32%        N/A       9%          3
 Magic Dart               Conj           20%        1d4       22%         1
 Necrotise                Necr           20%        1d5       22%         1
 Sting                    Tmut/Pois      20%        1d4       22%         1
 Anguish                  Hex/Necr       8%         N/A       28%         4
 Leda's Liquefaction      Hex/Erth       8%         N/A       28%         4
 Call Imp                 Summ           5%         N/A       32%         2
 Cigotuvi's Dreadful Rot  Necr/Pois/Air  10%        N/A       32%         2
 Poisonous Vapours        Pois/Air       10%        N/A       32%         2
 Static Discharge         Conj/Air       10%        2-3/arc   32%         2
 Call Canine Familiar     Summ           5%         N/A       54%         3
 Ignite Poison            Fire/Tmut/Pois 5%         N/A       54%         3
 Mephitic Cloud           Conj/Pois/Air  5%         N/A       54%         3
 Ozocubu's Armour         Ice            5%         N/A       54%         3
 Spider Form              Tmut/Pois      5%         N/A       54%         3
 Stone Arrow              Conj/Erth      10%        3d7       54%         3
 Vampiric Draining        Necr           5%         2d6       54%         3
 Animate Armour           Summ/Erth      10%        N/A       91%         4
 Animate Dead             Necr           5%         N/A       91%         4
 Dispel Undead            Necr           5%         3d7       91%         4
 Olgreb's Toxic Radiance  Pois           5%         N/A       91%         4
 Sticky Flame             Conj/Fire      5%         2d3       91%         4
 Alistair's Intoxication  Tmut/Pois      3%         N/A       99%         5
 Arcjolt                  Conj/Air       2%         1d12      99%         5
 Freezing Cloud           Conj/Ice/Air   2%         6-21      99%         5
 Plasma Beam              Fire/Air       2%         2x1d14    99%         5
 Conjure Ball Lightning   Conj/Air       2%         3x3d6     100%        6
 Death Channel            Necr           2%         N/A       100%        6
 Simulacrum               Ice/Necr       2%         N/A       100%        6
 Haunt                    Necr/Summ      2%         N/A       100%        7
 Ozocubu's Refrigeration  Ice            2%         4d8       100%        7
 Discord                  Hex            13%        N/A       100%        8
 Disjunction              Tloc           13%        N/A       100%        8
 Ignition                 Fire           2%         3d3       100%        8
 Infestation              Necr           2%         N/A       100%        8
 Lehudib's Crystal Spear  Conj/Erth      2%         10d2      100%        8
 Death's Door             Necr           2%         N/A       100%        9
 Polar Vortex             Ice            2%         N/A       100%        9


Dungeon Overview and Level Annotations

Branches:
Dungeon (15/15)            Temple (1/1) D:7            Lair (5/5) D:9
  Swamp (0/4) Lair:3       Spider (0/4) Lair:3        Slime (0/5) Lair:5
    Orc (2/2) D:12            Elf (3/3) Orc:2        Vaults (0/5) D:14
 Depths (0/4) D:15          Sewer (visited)          Bailey (visited)

Altars:
Ashenzari
Cheibriados
Dithmenos
Elyvilon
Fedhas
Gozag
Hepliaklqana
Kikubaaqudgha
Makhleb
Nemelex Xobeh
Okawaru
Qazlal
Ru
Sif Muna
Trog
Uskayaw
Vehumet
Wu Jian
Xom
Yredelemnul
Zin
The Shining One
Jiyva

Shops:
D:14 [   Orc:2 ?[:!***?   Elf:2 [(   Elf:3 =

Portals:
Trove: Elf:2 (give 5 scrolls of fog)

Annotations:
D:8 1 runed translucent door, AverageBear's ghost, novice OpFi
Elf:2 2 runed translucent doors


Innate Abilities, Weirdness & Mutations

Your life essence is reduced to manifest your ancestor. (-10% HP)
You are very small and have problems with some larger weapons.
You are too small for most types of armour.
You have supernaturally acute eyesight. (SInv)
You cover ground extremely quickly. (Speed+++)


Message History

Cenhelm misses the deep elf elementalist.
Cenhelm hits the earth elemental with a +0 broad axe of flaming.
You hear a shout! x2
You shoot an arrow.
The arrow hits the earth elemental but does no damage.
The deep elf elementalist points at you and mumbles some strange words.
Some walls begin to move on their own!
Fire: a) +5 shortbow (flame)
Press: ? - help, Q - select action, (/) - cycle Shift-Dir - straight line, f - deep elf elementalist, p - earth elemental
Aim: a deep elf elementalist, wielding a +0 long sword and wearing a +0 ring mail (heavily wounded, repelling missiles, ally target, 47% to hit)
You shoot an arrow.
The arrow hits the deep elf elementalist but does no damage.
The deep elf elementalist is heavily wounded.
Cenhelm hits the deep elf elementalist with a +0 broad axe of flaming!
Cenhelm burns the deep elf elementalist.
Cenhelm hits the earth elemental with a +0 broad axe of flaming!
The deep elf elementalist gestures at you while chanting.
The freezing blast misses you.
The earth elemental completely misses you.
Fire: a) +5 shortbow (flame)
Press: ? - help, Q - select action, (/) - cycle Shift-Dir - straight line, f/p - deep elf elementalist
Aim: a deep elf elementalist, wielding a +0 long sword and wearing a +0 ring mail (severely wounded, repelling missiles, ally target, 47% to hit)
You shoot an arrow.
The arrow closely misses the deep elf elementalist.
You are engulfed in freezing vapours.
The earth elemental hits you.
You shoot an arrow. The arrow hits the earth elemental.
The earth elemental is lightly damaged.
You are engulfed in freezing vapours.
The earth elemental completely misses you.
The earth elemental closely misses you.
The deep elf elementalist points at you and mumbles some strange words.
The freezing blast misses you.
You shoot an arrow. The arrow hits the earth elemental!
The earth elemental is moderately damaged.
You are engulfed in freezing vapours.
* * * LOW HITPOINT WARNING * * *
Cenhelm closely misses the deep elf elementalist.
Cenhelm hits the earth elemental but does no damage.
The earth elemental hits you!!
You die...

#....~≈#..#E..#
#)...≈≈#..#E##.#
#....~~#..#.E.## #####
#......'..#...# ##...##
#......'..#.... ##.....##
#....~~#..#R..## #
##....<..###....~~#..#e).#
#
#........○○EER..~≈#..#...#
##
#.........E@○e..≈≈#..+...#
.#
#........°#☼○...~≈#..#...#
'##
##.......###....~≈#..#....
#.## ##.....## #....~≈#..#
##.## ##...'## #....~≈#
##.## ###'#.###.)..~≈#
##.## #.##.##....~≈#
##.#####'###.#....≈≈#
##.##.....##.....~≈#


You could see the friendly Cenhelm the knight, a deep elf elementalist (repels
missiles, ally target) and 3 earth elementals.

Vanquished Creatures
  A deep elf sorcerer (Elf:2)
  Snorg (D:12)
  2 ettins
  2 deep elf death magi
  A deep elf high priest (Elf:2)
  An ice dragon (Lair:5)
  2 vault guards (D:14)
  4 hydras
  11 dancing weapons
  3 centaur warriors
  2 tengu warriors
  4 death yaks (Lair:4)
  4 two-headed ogres
  Urug (Lair:4)
  10 deep elf knights
  3 large abominations (Elf:1)
  6 deep elf archers
  2 wizards
  2 orc knights
  10 deep elf pyromancers
  A necromancer (Elf:1)
  2 wolf spiders (Lair:5)
  12 deep elf zephyrmancers
  2 cyclopes
  An oklob plant (Lair:4)
  4 ugly things
  Joseph (D:7)
  11 elephants
  A guardian serpent (shapeshifter) (Elf:2)
  4 black mambas
  9 cane toads
  5 torpor snails
  An unseen horror (D:11)
  A kobold demonologist (D:11)
  8 komodo dragons
  Psyche (D:8)
  A rime drake (Lair:2)
  An efreet (D:15)
  3 trolls
  6 hornets (Lair:5)
  2 polar bears
  Grinder (D:3)
  6 blink frogs
  3 tyrant leeches (Lair:5)
  9 slime creatures
  2 culicivoras (Lair:3)
  Sigmund (D:5)
  2 air elementals
  A shadow (D:12)
  A wraith (D:9)
  11 wyverns
  2 water elementals (Elf:2)
  2 humans (D:14)
  45 yaks
  6 fire elementals
  A basilisk (Lair:3)
  2 redbacks (Lair:5)
  9 vampire mosquitoes
  A steam dragon (Lair:5)
  2 swamp worms (Lair:5)
  3 acid dragons
  A warg (D:12)
  2 hell hounds (D:12)
  12 water moccasins
  17 orc warriors
  2 black bears
  3 sky beasts (D:7)
  6 ogres
  21 wolves
  14 centaurs
  An elf zombie (Elf:1)
  4 kobold brigands
  Blork the orc (D:5)
  10 bullfrogs
  2 gnoll sergeants
  A wyvern zombie (D:7)
  4 scorpions
  A water moccasin zombie (D:7)
  7 wights
  25 killer bees
  2 vampire bats (Lair:4)
  2 electric eels
  2 howler monkeys (D:13)
  A centaur zombie (D:7)
  3 hounds
  A jelly (D:4)
  2 gnoll boudas
  6 orc priests
  Crazy Yiuf (D:3)
  8 orc wizards
  Terence (D:3)
  2 iguanas (D:5)
  A sleepcap (D:8)
  2 yak simulacra (D:15)
  Natasha (thrice) (D:3)
  A wolf simulacrum (D:15)
  A killer bee zombie (D:7)
  6 adders
  18 gnolls
  A river rat (Sewer)
  A shadow imp (D:7)
  2 white imps
  A worm (D:3)
  2 dart slugs
  53 orcs
  8 bats
  3 endoplasms
  9 giant cockroaches
  6 goblins
  7 hobgoblins
  A jackal (Sewer)
  13 kobolds
  3 quokkas
  4 ball pythons
  3 frilled lizards (D:2)
  7 rats
  4 river rat simulacra (D:15)
584 creatures vanquished.

Vanquished Creatures (collateral kills)
  A deep elf sorcerer (Elf:2)
  Azrael (D:12)
  A minotaur (Lair:4)
  2 deep elf death magi (Elf:1)
  3 vault guards (D:14)
  An ogre mage (D:15)
  2 two-headed ogres (D:11)
  A centaur warrior (D:15)
  A death yak (Lair:4)
  A tengu warrior (D:13)
  3 dancing weapons
  A hell knight (D:15)
  3 deep elf knights
  A deep troll (D:15)
  2 skysharks
  An orc knight (Bailey)
  3 deep elf archers
  A lindwurm (Lair:5)
  2 necromancers (D:15)
  2 large abominations (Elf:1)
  5 deep elf zephyrmancers
  3 deep elf pyromancers
  4 ugly things (D:14)
  A cyclops (D:15)
  3 manticores
  11 elephants
  A guardian serpent (Lair:4)
  7 black mambas
  A gargoyle (D:12)
  2 torpor snails (Lair:5)
  3 cane toads
  2 unseen horrors (D:12)
  A rime drake (Lair:3)
  An efreet (D:13)
  7 komodo dragons
  A troll (shapeshifter) (D:13)
  2 trolls
  2 polar bears
  4 hornets (Lair:5)
  2 tyrant leeches (Lair:5)
  2 blink frogs
  2 culicivoras (Lair:3)
  4 slime creatures
  A shadow (D:12)
  An air elemental (Elf:3)
  A wraith (D:13)
  2 fire elementals
  18 yaks
  5 wyverns
  A steam dragon (D:9)
  4 basilisks
  A redback (Lair:5)
  4 humans (D:14)
  3 vampire mosquitoes (D:13)
  4 wargs
  8 water moccasins
  3 hell hounds
  12 orc warriors
  An ogre (Orc:1)
  4 centaurs
  5 wolves
  2 elf zombies (Elf:1)
  3 bullfrogs
  A kobold brigand (D:11)
  A wight (D:7)
  2 orc priests
  2 orc wizards (Orc:1)
  3 wolf simulacra (D:15)
  13 orcs
  A goblin (D:10)
  A frilled lizard (D:3)
  A kobold (D:11)
  A river rat simulacrum (D:15)
213 creatures vanquished.

Vanquished Creatures (others)
  A deep elf knight (Elf:3)
  A human (D:14)
  An orc warrior (Orc:2)
  26 knights
  An ancestor (D:7)
  A bush (Lair:5)
  55 fungi
  128 plants
  2 withered plants (D:7)
216 creatures vanquished.

Grand Total: 1013 creatures vanquished

Notes
Turn   | Place    | Note
-------+----------+-------------------------------------------
     0 | D:1      | Lobster4 the Spriggan Hunter began the quest for the Orb.
     0 | D:1      | Reached XP level 1. HP: 10/10 MP: 2/2
   189 | D:1      | Reached XP level 2. HP: 15/15 MP: 3/3
   534 | D:1      | Found a faded altar of an unknown god.
   864 | D:2      | Reached XP level 3. HP: 18/18 MP: 4/4
  1131 | D:2      | Found a hide-covered altar of Uskayaw.
  1430 | D:3      | Noticed Natasha
  1432 | D:3      | Killed Natasha
  1433 | D:3      | Reached skill level 1 in Short Blades
  1433 | D:3      | Reached XP level 4. HP: 15/23 MP: 5/5
  1754 | D:3      | Noticed Grinder
  1878 | D:3      | Found a runed translucent door.
  1879 | D:3      | Noticed Crazy Yiuf
  1978 | D:3      | Noticed Terence
  2080 | D:3      | Noticed Natasha
  2082 | D:3      | Killed Natasha
  2654 | D:3      | Killed Terence
  2655 | D:3      | Reached XP level 5. HP: 27/27 MP: 6/6
  2743 | D:3      | Noticed Natasha
  2750 | D:3      | Killed Crazy Yiuf
  2785 | D:3      | Killed Natasha
  3245 | D:4      | Found a glowing drain.
  3250 | Sewer    | Entered a sewer
  3263 | Sewer    | Reached XP level 6. HP: 24/32 MP: 7/7
  3378 | Sewer    | Reached skill level 5 in Ranged Weapons
  3378 | Sewer    | Reached skill level 1 in Evocations
  3770 | D:5      | Entered Level 5 of the Dungeon
  3788 | D:5      | Reached skill level 5 in Dodging
  3788 | D:5      | Reached skill level 5 in Stealth
  3892 | D:5      | Reached XP level 7. HP: 35/36 MP: 8/8
  4267 | D:5      | Noticed Sigmund
  4446 | D:5      | Killed Sigmund
  4655 | D:5      | Reached XP level 8. HP: 35/42 MP: 9/9
  4956 | D:5      | Noticed Blork the orc
  4964 | D:5      | Killed Blork the orc
  5563 | D:6      | Learned a level 3 spell: Portal Projectile
  6090 | D:6      | Found a burning altar of Makhleb.
  6560 | D:6      | Reached skill level 1 in Translocations
  6645 | D:6      | Reached skill level 1 in Spellcasting
  6645 | D:6      | Reached skill level 1 in Hexes
  6764 | D:7      | Found a staircase to the Ecumenical Temple.
  6773 | Temple   | Entered the Ecumenical Temple
  6860 | Temple   | Became a worshipper of Hepliaklqana the Forgotten
  7094 | D:7      | Reached XP level 9. HP: 46/46 MP: 12/12
  7146 | D:7      | Reached skill level 1 in Invocations
  7265 | D:7      | Found a shimmering altar of Xom.
  7418 | D:7      | Noticed Joseph
  7431 | D:7      | Killed Joseph
  7549 | D:7      | Identified the +2 war axe of Courage {spect, Int-2 Dex+5
                  | SInv}
  7571 | D:7      | Reached * piety under Hepliaklqana
  7573 | D:7      | Reached skill level 5 in Fighting
  8092 | D:7      | Found a broken altar of Ashenzari.
  8092 | D:7      | Found a shimmering blue altar of Sif Muna.
  8402 | D:8      | Found a runed translucent door.
  8402 | D:8      | Noticed AverageBear's ghost (novice OpFi)
  8765 | D:8      | Noticed Psyche
  8866 | D:8      | Reached skill level 5 in Evocations
  8866 | D:8      | Reached XP level 10. HP: 45/45 MP: 15/15
  8871 | D:8      | Found a blossoming altar of Fedhas.
  8889 | D:8      | Reached ** piety under Hepliaklqana
  8890 | D:8      | Remembered your ancestor Cenhelm as a knight
  9522 | D:8      | Reached skill level 10 in Stealth
  9619 | D:9      | Found an ornate altar of the Wu Jian Council.
  9633 | D:9      | Reached skill level 5 in Translocations
  9916 | D:9      | Noticed a two-headed ogre
  9927 | D:9      | Killed a two-headed ogre
 10260 | D:9      | Found a staircase to the Lair.
 10869 | D:9      | Noticed a wizard
 10885 | D:9      | Killed a wizard
 10886 | D:9      | Reached skill level 1 in Armour
 10886 | D:9      | Reached XP level 11. HP: 50/50 MP: 17/17
 10964 | D:9      | Reached skill level 10 in Dodging
 11125 | D:9      | Reached *** piety under Hepliaklqana
 11286 | D:10     | Entered Level 10 of the Dungeon
 11415 | D:10     | Found a flagged portal.
 11424 | Bailey   | Entered a bailey
 11523 | Bailey   | Noticed an orc knight
 11594 | Bailey   | Killed an orc knight
 11739 | Bailey   | Noticed an orc knight
 11768 | Bailey   | Killed an orc knight
 11769 | Bailey   | Reached skill level 5 in Spellcasting
 11970 | D:11     | Noticed a two-headed ogre
 12211 | D:10     | Reached skill level 1 in Throwing
 12540 | D:10     | Reached XP level 12. HP: 56/56 MP: 19/22
 12999 | D:11     | Identified the +0 scale mail of Tiasybel {Will+ Str+2
                  | Slay+2 SInv}
 13219 | D:11     | Reached **** piety under Hepliaklqana
 13334 | D:11     | Noticed a two-headed ogre
 13344 | D:11     | Killed a two-headed ogre
 13483 | D:11     | Reached skill level 5 in Invocations
 13537 | D:11     | Killed a two-headed ogre
 13589 | D:11     | Noticed a two-headed ogre
 13600 | D:11     | Killed a two-headed ogre
 13748 | D:11     | Reached XP level 13. HP: 49/60 MP: 22/24
 13831 | Lair:1   | Entered Level 1 of the Lair of Beasts
 14908 | Lair:2   | Reached skill level 10 in Ranged Weapons
 15633 | Lair:3   | Identified a scroll of acquirement
 15730 | Lair:3   | Reached ***** piety under Hepliaklqana
 15924 | Lair:3   | Found a staircase to the Swamp.
 16007 | Lair:3   | Acquired the +0 hat of the Komodo Dragon {SInv}
 16514 | Lair:3   | Found a hole to the Spider Nest.
 16928 | Lair:4   | Noticed Urug
 17146 | Lair:4   | Found a runed translucent door.
 17230 | Lair:4   | Found the +1 robe of Vines {NoPotionHeal Regen++++}
 17673 | Lair:4   | Killed Urug
 17893 | Lair:4   | Reached XP level 14. HP: 65/65 MP: 27/27
 18197 | Lair:4   | Reached skill level 15 in Stealth
 18596 | Lair:5   | Entered Level 5 of the Lair of Beasts
 18618 | Lair:4   | Reached skill level 5 in Hexes
 18813 | Lair:5   | Reached skill level 5 in Armour
 19025 | Lair:4   | Reached skill level 10 in Translocations
 19414 | Lair:5   | Found a staircase to the Slime Pits.
 19414 | Lair:5   | Found a viscous altar of Jiyva.
 20183 | Lair:5   | Found a runed translucent door.
 21180 | Lair:5   | Reached XP level 15. HP: 71/71 MP: 29/29
 22501 | D:3      | Found a hide-covered altar of Uskayaw.
 22587 | D:3      | Found a hide-covered altar of Uskayaw.
 22714 | D:3      | Killed Grinder
 22888 | D:8      | Killed Psyche
 23164 | D:12     | Noticed Azrael
 23176 | D:12     | Killed Azrael
 23177 | D:12     | Reached skill level 10 in Spellcasting
 23315 | D:12     | Found a staircase to the Orcish Mines.
 23436 | D:12     | Noticed Snorg
 23450 | D:12     | Killed Snorg
 23654 | Orc:1    | Entered Level 1 of the Orcish Mines
 23828 | Orc:2    | Entered Level 2 of the Orcish Mines
 23976 | Orc:2    | Found a staircase to the Elven Halls.
 24029 | Orc:2    | Found Teleff's Magic Scroll Shop.
 24106 | Orc:2    | Found Vadwiy's Assorted Antiques.
 24333 | Orc:2    | Found Qexecyxu's Antique Armour Emporium.
 24538 | Orc:2    | Found Lynius's Magic Scroll Boutique.
 24804 | Orc:2    | Found Yry Wurexzy's Assorted Antiques.
 24804 | Orc:2    | Found Cypettuo's Distillery.
 24806 | Orc:2    | Found Ogoihore's Book Shoppe.
 24808 | Orc:2    | Found Rewoit's Assorted Antiques.
 24985 | Orc:2    | Bought a manual of Dodging for 1040 gold pieces
 25716 | D:13     | Found a shadowy altar of Dithmenos.
 26136 | D:14     | Reached skill level 15 in Dodging
 26372 | D:14     | Found Butakk's Antique Armour Shoppe.
 26377 | D:14     | Bought a distressingly furry orb for 602 gold pieces
 26377 | D:14     | Identified the orb "Hyzufi" {mayhem, Rampage rC+} (You
                  | bought it in a shop on level 14 of the Dungeon)
 26761 | D:14     | Identified the +9 plate armour "Piemu" {Drain +Inv Stlth+}
 26781 | D:14     | Found a gate to the Vaults.
 26967 | D:15     | Entered Level 15 of the Dungeon
 27638 | D:15     | Reached XP level 16. HP: 76/76 MP: 31/31
 27749 | D:15     | Found a staircase to the Depths.
 27903 | D:15     | Learned a level 1 spell: Apportation
 28060 | Elf:1    | Entered Level 1 of the Elven Halls
 28330 | Elf:1    | Reached skill level 10 in Fighting
 28510 | Elf:1    | Reached ****** piety under Hepliaklqana
 29318 | Elf:1    | Got the Codex of Bodies
 30001 | Elf:2    | Found a runed translucent door.
 30074 | Elf:2    | Reached skill level 10 in Invocations
 30326 | Elf:2    | Reached skill level 10 in Hexes
 30397 | Elf:2    | Found Wuq Etudgh's Antique Weapon Shop.
 30455 | Elf:2    | Found a runed translucent door.
 30535 | Elf:2    | Found Ackoragh's Antique Armour Emporium.
 30788 | Elf:2    | Found a portal to a secret trove of treasure.
 30832 | Elf:3    | Entered Level 3 of the Elven Halls
 31263 | Elf:3    | Paralysed by an air elemental for 1 turns
 32829 | Elf:3    | Found Caol's Jewellery Shop.
 33167 | Elf:3    | Slain by an earth elemental

Illustrated notes

Levels and vault maps discovered:
D:1:      tarquinn_simple_flora_water_e, layout_basic,
          shapermc_ecumenical_altar_notcrosses
D:2:      layout_rooms, basic_altar
D:3:      layout_loops_corners, mainiacjoe_overflow_alcove_2,
          minmay_box_of_dots, uniq_natasha, uniq_grinder,
          uniq_crazy_yiuf_cottage, uniq_terence
D:4:      layout_loops_ring, portal_sewer_entry_e
D:5:      layout_loops_cross, grunt_ministairs_6, uniq_sigmund,
          uniq_blork_the_orc
D:6:      layout_layer_cave, lightli_temple_of_fire, nicolae_grassy_gnolls
D:7:      layout_layer_cave, mainiacjoe_overflow_boulevard,
          gammafunk_temple_overflow_elements,
          minmay_temple_entry_gardened_gates, serial_undead, serial_undead_c,
          serial_undead_b, serial_undead_c, serial_undead_e, uniq_joseph
D:8:      layout_basic, amcnicky_altar_gilded, hellmonk_ghost_big_iron,
          uniq_psyche
D:9:      layout_basic, nicolae_wu_jian_wuxing_cycle, lair_entry_dummy,
          minmay_librarian
D:10:     layout_irregular_city, enter_bailey_3
D:11:     layout_small_grid, kennysheep_generic_room_15
D:12:     layout_rooms, minmay_orc_entry_guard_dogs, uniq_snorg, uniq_azrael
D:13:     layout_basic, nicolae_dithmenos_shadow_blocks
D:14:     layout_loops_cross, ximxim_vaults_locker_room, minmay_misc_feat_chi,
          serial_shops, shop
D:15:     hangedman_depths_entry_civil_slaughter, layout_long_grid,
          eino_house_with_fridge
Temple:   regret_index_temple_waves
Lair:1:   layout_loops_ring, chequers_serial_rivers_small_b, st_stairs_3,
          hangedman_lair_unloving_vines, infiniplex_staircase_pool,
          grunt_megastairs_1
Lair:2:   layout_misc_corridors, chequers_serial_rivers_micro_c,
          grunt_megastairs_2
Lair:3:   layout_chaotic_city, swamp_mist, hellmonk_spider_entry_life_and_decay,
          beast_lair_carwin_4
Lair:4:   dreamdust_labyrinth, layout_cave_shapes, minivault_19,
          nicolae_quartered_pool_medium, roderic_batcave,
          hellmonk_guarded_unrand_vines, uniq_urug
Lair:5:   wormcave, layout_loops_ring, hangedman_lair_tendril_chambers,
          slime_entry_1, minmay_stone_trees_small, worms_lemuel
Orc:1:    layout_caves
Orc:2:    st_orc_rangers, layout_diamond_mine, serial_shops,
          nicolae_shop_waterfront, shop, nicolae_diamond_shop, shop_scrolls
Elf:1:    minmay_elf_arrival_circle, layout_geoelf_diagonals,
          minmay_elf_necromancy
Elf:2:    elven_hall_of_blades_hangedman_original
          [nicolae_blade_entry_splitting_headache], layout_rooms,
          nicolae_trove_entry_crystal, serial_shops, nicolae_square_shop,
          nicolae_take_the_stairs
Elf:3:    minmay_elf_hall_quartered_circle, layout_geoelf_castle, serial_shops,
          nicolae_diamond_shop, nicolae_fountain_basement

Skill      XL: |  1  2  3  4  5  6  7  8  9 10 11 12 13 14 15 16 |
---------------+-------------------------------------------------+-----
Dodging        | 3 4 5 6 7 8 9 11 12 13 15 18 | 18.1
Stealth        | 2 3 4 5 7 8 9 11 13 14 15 17 18 | 18.9
Fighting       | 2 3 4 5 6 7 8 9 10 | 10.8
Short Blades   | 1 2 |  2.0
Ranged Weapons | 5 6 7 8 9 10 11 12 13 | 13.2
Evocations     | 2 3 5 |  5.0
Translocations | 2 4 7 9 10 | 10.0
Spellcasting   | 1 3 6 8 9 10 | 10.0
Hexes          | 1 3 4 6 8 10 | 10.0
Invocations    | 2 3 4 5 6 7 9 10 | 10.0
Armour         | 1 3 4 5 6 |  6.0
Throwing       | 3 |  3.3

Action                     |  1- 3 |  4- 6 |  7- 9 | 10-12 | 13-15 | 16-18 || total
---------------------------+-------+-------+-------+-------+-------+-------++-------
  Melee: Unarmed           |       |     2 |       |       |       |       ||     2
         Dagger            |       |       |       |     1 |     3 |     3 ||     7
   Fire: Shortbow          |    66 |   164 |   398 |   462 |  1885 |   545 ||  3520
  Throw: Dart              |       |       |       |     8 |     3 |       ||    11
         Throwing net      |       |       |       |       |     1 |     2 ||     3
 Invoke: Recall Ancestor   |       |       |       |    21 |    43 |    29 ||    93
         Ancestor Life: Kn |       |       |       |     1 |       |       ||     1
         Idealise          |       |       |       |       |     4 |       ||     4
  Evoke: Wand              |       |       |     8 |     7 |     6 |     1 ||    22
    Use: Scroll            |     5 |     2 |     6 |    12 |    17 |     8 ||    50
         Potion            |       |     4 |       |     1 |     5 |     5 ||    15
   Stab: Sleeping          |       |       |       |     1 |     1 |     1 ||     3
         Paralysed         |       |       |       |       |     1 |     1 ||     2
 Armour: Robe              |     1 |    12 |    33 |     5 |       |       ||    51
         Acid dragon scale |       |       |       |    12 |   155 |    15 ||   182
  Dodge: Dodged            |     1 |    80 |   249 |   212 |   963 |   179 ||  1684
  Block: Other             |       |       |       |       |       |    22 ||    22
         Reflection        |       |       |       |       |       |     4 ||     4

Table legend: (Time is in decaauts)
 A = Elapsed time spent in this place.
 B = Non-inter-level travel time spent in this place.
 C = Inter-level travel time spent in this place.
 D = Time resting spent in this place.
 E = Time spent auto-exploring this place.
 F = Levels seen in this place.
 G = Mean time per level.
                   A        B        C        D        E       F      G
               +--------+--------+--------+--------+--------+-----+--------+
         Total |  25012 |  23433 |   1579 |   5060 |  11555 |  28 |  893.3 |
       Dungeon |  12372 |  11383 |    989 |   1462 |   6816 |  15 |  824.8 |
        Temple |     77 |     47 |     30 |      0 |     35 |   1 |   77.0 |
          Lair |   6653 |   6422 |    231 |   1391 |   2975 |   5 | 1330.6 |
  Orcish Mines |   1236 |   1102 |    134 |    233 |    477 |   2 |  618.0 |
   Elven Halls |   4008 |   3815 |    193 |   1849 |   1062 |   3 | 1336.0 |
         Sewer |    268 |    268 |      0 |      8 |    106 |   1 |  268.0 |
        Bailey |    396 |    396 |      0 |    115 |     81 |   1 |  396.0 |
               +--------+--------+--------+--------+--------+-----+--------+

Top non-repeatable levels by time:
  Lair:4: 2370 daAuts
  Lair:5: 2060 daAuts
   Elf:3: 1484 daAuts
   Elf:1: 1335 daAuts
     D:3: 1287 daAuts
   Elf:2: 1189 daAuts
     D:6: 1168 daAuts
     D:9: 1157 daAuts
     D:8: 1137 daAuts
     D:7: 1125 daAuts
   Orc:2: 979 daAuts
  Lair:3: 919 daAuts
     D:5: 891 daAuts
    D:10: 839 daAuts
    D:13: 738 daAuts
